| TOP OF THE 1ST |
|
Kingsport Mets batting - Pitching for Bristol Pirates : LHP Tommy Tallent
|
|
Pitching: LHP Tommy Tallent
|
|
|
Batting: SHB Josh Thomson
|
0-0: Called Strike 0-1: SINGLE (Groundball, 6MD, EV 108.1 MPH)
|
|
Batting: RHB Warren Carmichael
|
0-0: Ball 1-0: Swinging Strike Josh Thomson is caught stealing 2nd base 2-4 1-1: Fly out, F4 (Line Drive, 4M, EV 68.1 MPH)
|
|
Batting: RHB Eric Zylstra
|
0-0: Called Strike 0-1: Called Strike 0-2: Strikes out swinging, 2-3 out at first.
|
| Top of the 1st over - 0 runs, 1 hit, 0 errors, 0 left on base; Kingsport 0 - Bristol 0 |
| BOTTOM OF THE 1ST |
|
Bristol Pirates batting - Pitching for Kingsport Mets : LHP Ronnie Stoll
|
|
Pitching: LHP Ronnie Stoll
|
|
|
Batting: RHB Matt Derrien
|
0-0: Ball 1-0: Called Strike 1-1: Swinging Strike 1-2: Strikes out swinging
|
|
Batting: LHB Ernesto Gasca
|
0-0: Ball 1-0: Ball 2-0: Ball 3-0: Called Strike 3-1: Foul Ball, location: 2F 3-2: Fly out, F7 (Flyball, 7D, EV 99.4 MPH)
|
|
Batting: RHB Jon Solis
|
0-0: Foul Ball, location: 2F 0-1: Ball 1-1: Foul Ball, location: 2F 1-2: Ball 2-2: Foul Ball, location: 2F 2-2: Ball 3-2: Fly out, F9 (Flyball, 9LS, EV 82.5 MPH)
|
| Bottom of the 1st over - 0 runs, 0 hits, 0 errors, 0 left on base; Kingsport 0 - Bristol 0 |
| TOP OF THE 2ND |
|
Kingsport Mets batting - Pitching for Bristol Pirates : LHP Tommy Tallent
|
|
Batting: RHB Juan Medina
|
0-0: Foul Ball, location: 2F 0-1: Fly out, F8 (Line Drive, 8RD, EV 105.0 MPH)
|
|
Batting: RHB Dan Muse
|
0-0: Ball 1-0: Ball 2-0: Ball 3-0: Called Strike 3-1: Foul Ball, location: 2F 3-2: Foul Ball, location: 2F 3-2: Strikes out swinging
|
|
Batting: RHB Artyom Shavkunov
|
0-0: Called Strike 0-1: Called Strike 0-2: Ground out 6-3 (Groundball, 6, EV 102.5 MPH)
|
| Top of the 2nd over - 0 runs, 0 hits, 0 errors, 0 left on base; Kingsport 0 - Bristol 0 |
| BOTTOM OF THE 2ND |
|
Bristol Pirates batting - Pitching for Kingsport Mets : LHP Ronnie Stoll
|
|
Batting: SHB Juan Ayala
|
0-0: Ball 1-0: Called Strike 1-1: Foul Ball, location: 2F 1-2: SOLO HOME RUN (Flyball, 7D, EV 100.6 MPH), Distance : 384 ft
|
|
Batting: SHB Nathan Clement
|
0-0: Foul Ball, location: 2F 0-1: Foul Ball, location: 2F 0-2: Strikes out swinging
|
|
Batting: RHB Ryan Thurston
|
0-0: Ball 1-0: Foul Ball, location: 2F 1-1: Foul Ball, location: 2F 1-2: Strikes out swinging
|
|
Batting: LHB Tommie Benefield
|
0-0: Ball 1-0: Called Strike 1-1: Foul Ball, location: 2F 1-2: Ball 2-2: Strikes out swinging
|
| Bottom of the 2nd over - 1 run, 1 hit, 0 errors, 0 left on base; Kingsport 0 - Bristol 1 |
| TOP OF THE 3RD |
|
Kingsport Mets batting - Pitching for Bristol Pirates : LHP Tommy Tallent
|
|
Batting: RHB Craig Alvarado
|
0-0: Ball 1-0: Ball 2-0: Foul Ball, location: 2F 2-1: Ball 3-1: Called Strike 3-2: Foul Ball, location: 2F 3-2: Strikes out looking
|
|
Batting: LHB Randolph Brodbeck
|
0-0: Ball 1-0: Ground out 4-3 (Groundball, 4, EV 91.9 MPH)
|
|
Batting: RHB Kyle Verkamp
|
0-0: Ball 1-0: Foul Ball, location: 2F 1-1: Ball 2-1: Called Strike 2-2: Fly out, F8 (Flyball, 8LM, EV 86.9 MPH)
|
| Top of the 3rd over - 0 runs, 0 hits, 0 errors, 0 left on base; Kingsport 0 - Bristol 1 |
| BOTTOM OF THE 3RD |
|
Bristol Pirates batting - Pitching for Kingsport Mets : LHP Ronnie Stoll
|
|
Batting: RHB Zachery Loomis
|
0-0: Ball 1-0: Foul Ball, location: 2F 1-1: Ball 2-1: Foul Ball, location: 2F 2-2: Foul Ball, location: 2F 2-2: Ball 3-2: Foul Ball, location: 2F 3-2: Base on Balls
|
|
Batting: RHB Brian Brewster
|
0-0: Called Strike 0-1: Called Strike 0-2: Ball Wild Pitch! Zachery Loomis to second 1-2: Foul Ball, location: 2F 1-2: Ball 2-2: Foul Ball, location: 2F 2-2: Fly out, F8 (Flyball, 8LM, EV 89.4 MPH)
|
|
Batting: RHB Matt Derrien
|
0-0: Called Strike 0-1: Ball 1-1: Swinging Strike 1-2: Foul Ball, location: 2F 1-2: Hit by Pitch
|
|
Batting: LHB Ernesto Gasca
|
0-0: Fly out, F9 (Flyball, 9, EV 86.9 MPH)
|
|
Batting: RHB Jon Solis
|
0-0: Ball 1-0: Called Strike 1-1: Swinging Strike 1-2: Ball 2-2: Ball 3-2: Base on Balls Zachery Loomis to third Matt Derrien to second
|
|
Batting: SHB Juan Ayala
|
0-0: SINGLE (Flyball, 7LS, EV 90.6 MPH) Zachery Loomis scores Matt Derrien to third Jon Solis to second
|
|
Batting: SHB Nathan Clement
|
0-0: Called Strike 0-1: Swinging Strike 0-2: Foul Ball, location: 2F 0-2: Ball 1-2: Ball 2-2: Strikes out swinging
|
| Bottom of the 3rd over - 1 run, 1 hit, 0 errors, 3 left on base; Kingsport 0 - Bristol 2 |
| TOP OF THE 4TH |
|
Kingsport Mets batting - Pitching for Bristol Pirates : LHP Tommy Tallent
|
|
Batting: SHB Josh Thomson
|
0-0: Ball 1-0: Foul Ball, location: 2F 1-1: Ball 2-1: Foul Ball, location: 2F 2-2: Ground out 6-3 (Groundball, 6, EV 103.8 MPH)
|
|
Batting: RHB Warren Carmichael
|
0-0: Ball 1-0: Called Strike 1-1: DOUBLE (Line Drive, 89M, EV 109.4 MPH)
|
|
Batting: RHB Eric Zylstra
|
0-0: Ball 1-0: Called Strike 1-1: Ball 2-1: Fly out, F8 (Flyball, 89D, EV 96.2 MPH) Runner from 2nd tags up, SAFE at 3rd, no throw by CF
|
|
Batting: RHB Juan Medina
|
0-0: Ball 1-0: SINGLE (Groundball, P, EV 88.1 MPH) (infield hit) Warren Carmichael scores
|
|
Batting: RHB Dan Muse
|
0-0: TRIPLE (Flyball, 8RXD, EV 105.0 MPH) Juan Medina scores
|
|
Batting: RHB Artyom Shavkunov
|
0-0: Ball 1-0: Ball 2-0: Ball 3-0: Base on Balls
|
|
Batting: RHB Craig Alvarado
|
0-0: Ball 1-0: Ball 2-0: Called Strike 2-1: Foul Ball, location: 2F 2-2: Ball 3-2: Foul Ball, location: 2F 3-2: Base on Balls Artyom Shavkunov to second
|
|
Batting: LHB Randolph Brodbeck
|
0-0: SINGLE (Groundball, 6S, EV 68.8 MPH) (infield hit) Dan Muse scores Artyom Shavkunov to third Craig Alvarado to second
|
|
Batting: RHB Kyle Verkamp
|
0-0: Swinging Strike 0-1: Ball 1-1: SINGLE (Groundball, 6MD, EV 98.1 MPH) Artyom Shavkunov scores Craig Alvarado to third Randolph Brodbeck to second Runner from 3rd tries for Home, throw by CF and OUT! 8-2
|
| Top of the 4th over - 4 runs, 5 hits, 0 errors, 2 left on base; Kingsport 4 - Bristol 2 |
| BOTTOM OF THE 4TH |
|
Bristol Pirates batting - Pitching for Kingsport Mets : LHP Ronnie Stoll
|
|
Batting: RHB Ryan Thurston
|
0-0: Ground out U3 (Groundball, 13, EV 82.5 MPH)
|
|
Batting: LHB Tommie Benefield
|
0-0: Ball 1-0: Ground out 1-3 (Groundball, 34S, EV 66.2 MPH)
|
|
Batting: RHB Zachery Loomis
|
0-0: Called Strike 0-1: Ground out 5-3 (Groundball, 56, EV 81.9 MPH)
|
| Bottom of the 4th over - 0 runs, 0 hits, 0 errors, 0 left on base; Kingsport 4 - Bristol 2 |
| TOP OF THE 5TH |
|
Kingsport Mets batting - Pitching for Bristol Pirates : LHP Tommy Tallent
|
|
Batting: SHB Josh Thomson
|
0-0: Ball 1-0: Foul Ball, location: 2F 1-1: Foul Ball, location: 2F 1-2: Ball 2-2: Foul Ball, location: 2F 2-2: DOUBLE (Groundball, 5L, EV 101.9 MPH)
|
|
Batting: RHB Warren Carmichael
|
0-0: Ball 1-0: Called Strike 1-1: Foul Ball, location: 2F 1-2: Ground out 6-3 (Groundball, P, EV 81.9 MPH) Josh Thomson to third
|
|
Batting: RHB Eric Zylstra
|
0-0: Called Strike 0-1: Ball 1-1: Ball 2-1: Ball 3-1: Base on Balls
|
|
Batting: RHB Juan Medina
|
0-0: Ball 1-0: Ball 2-0: Ball 3-0: Base on Balls Eric Zylstra to second
|
|
Pitching: RHP Ray Maki
|
|
|
Batting: RHB Dan Muse
|
0-0: Ball 1-0: Called Strike 1-1: Ball 2-1: TRIPLE (Flyball, 89XD, EV 108.8 MPH) Josh Thomson scores Eric Zylstra scores Juan Medina scores
|
|
Batting: RHB Artyom Shavkunov
|
0-0: Ball 1-0: Swinging Strike 1-1: Ball 2-1: Ball 3-1: 2-RUN HOME RUN (Line Drive, 7D, EV 97.5 MPH), Distance : 400 ft
|
|
Batting: RHB Craig Alvarado
|
0-0: Ball 1-0: Ball 2-0: Swinging Strike 2-1: Ball 3-1: Called Strike 3-2: Strikes out swinging
|
|
Batting: LHB Randolph Brodbeck
|
0-0: Ball 1-0: Foul Ball, location: 2F 1-1: Fly out, F9 (Line Drive, 9LM, EV 95.6 MPH)
|
| Top of the 5th over - 5 runs, 3 hits, 0 errors, 0 left on base; Kingsport 9 - Bristol 2 |
| BOTTOM OF THE 5TH |
|
Bristol Pirates batting - Pitching for Kingsport Mets : LHP Ronnie Stoll
|
|
Batting: RHB Brian Brewster
|
0-0: Called Strike 0-1: Foul Ball, location: 2F 0-2: Ball 1-2: Strikes out looking
|
|
Batting: RHB Matt Derrien
|
0-0: Ball 1-0: Ball 2-0: SINGLE (Line Drive, 8RS, EV 93.8 MPH)
|
|
Batting: LHB Ernesto Gasca
|
0-0: Ball 1-0: Ball Passed Ball! Matt Derrien to second 2-0: Foul Ball, location: 2F 2-1: Called Strike 2-2: Ball Wild Pitch! Matt Derrien to third 3-2: Foul Ball, location: 2F 3-2: Foul Ball, location: 2F 3-2: Foul Ball, location: 2F 3-2: Foul Ball, location: 2F 3-2: Ground out 1-3 (Groundball, 15S, EV 65.6 MPH)
|
|
Batting: RHB Jon Solis
|
0-0: Ball 1-0: SINGLE (Flyball, 4MD, EV 91.9 MPH) Matt Derrien scores
|
|
Batting: SHB Juan Ayala
|
0-0: Swinging Strike 0-1: Ground out 5-3 (Groundball, 56S, EV 82.5 MPH)
|
| Bottom of the 5th over - 1 run, 2 hits, 0 errors, 1 left on base; Kingsport 9 - Bristol 3 |
| TOP OF THE 6TH |
|
Kingsport Mets batting - Pitching for Bristol Pirates : RHP Ray Maki
|
|
Batting: RHB Kyle Verkamp
|
0-0: Ball 1-0: Foul Ball, location: 2F 1-1: Ball 2-1: Called Strike 2-2: SINGLE (Flyball, 89S, EV 93.8 MPH)
|
|
Pitching: LHP Francisco Mendoza
|
|
|
Batting: SHB Josh Thomson
|
0-0: Ball 1-0: Foul Ball, location: 2F 1-1: Foul Ball, location: 2F 1-2: Strikes out swinging
|
|
Batting: RHB Warren Carmichael
|
0-0: Foul Ball, location: 2F 0-1: Ball 1-1: Ball 2-1: Swinging Strike 2-2: Hit by Pitch Kyle Verkamp to second
|
|
Batting: RHB Eric Zylstra
|
0-0: Foul Ball, location: 2F 0-1: Ball 1-1: Called Strike 1-2: Ball 2-2: Ball 3-2: Base on Balls Kyle Verkamp to third Warren Carmichael to second
|
|
Batting: RHB Juan Medina
|
0-0: Swinging Strike 0-1: Foul Ball, location: 2F 0-2: Ball 1-2: Foul Ball, location: 2F 1-2: Ball 2-2: Foul Ball, location: 2F 2-2: Ball 3-2: Strikes out swinging
|
|
Batting: RHB Dan Muse
|
0-0: Called Strike 0-1: Called Strike 0-2: Strikes out swinging
|
| Top of the 6th over - 0 runs, 1 hit, 0 errors, 3 left on base; Kingsport 9 - Bristol 3 |
| BOTTOM OF THE 6TH |
|
Bristol Pirates batting - Pitching for Kingsport Mets : LHP Ronnie Stoll
|
|
Batting: SHB Nathan Clement
|
0-0: Foul Ball, location: 2F 0-1: Ground out 5-3 (Groundball, 5, EV 84.4 MPH)
|
|
Batting: RHB Ryan Thurston
|
0-0: Ball 1-0: Ground out 5-3 (Groundball, 56, EV 91.2 MPH)
|
|
Batting: LHB Tommie Benefield
|
0-0: Called Strike 0-1: Foul Ball, location: 2F 0-2: Fly out, F8 (Line Drive, 8LD, EV 85.0 MPH)
|
| Bottom of the 6th over - 0 runs, 0 hits, 0 errors, 0 left on base; Kingsport 9 - Bristol 3 |
| TOP OF THE 7TH |
|
Kingsport Mets batting - Pitching for Bristol Pirates : LHP Francisco Mendoza
|
|
Pitching: RHP Dustin Hamblin
|
|
|
Batting: RHB Artyom Shavkunov
|
0-0: Ball 1-0: Ball 2-0: Ground out 1-3 (Groundball, P, EV 67.5 MPH)
|
|
Batting: RHB Craig Alvarado
|
0-0: Ball 1-0: Foul Ball, location: 2F 1-1: Ball 2-1: Ball 3-1: SINGLE (Groundball, 6M, EV 97.5 MPH)
|
|
Batting: LHB Randolph Brodbeck
|
0-0: Fielders Choice at 2nd, 6-4 (Groundball, 6M, EV 95.0 MPH)
|
|
Batting: RHB Kyle Verkamp
|
0-0: Foul Ball, location: 2F 0-1: Called Strike 0-2: SINGLE (Line Drive, 9S, EV 101.9 MPH) Randolph Brodbeck to second
|
|
Batting: SHB Josh Thomson
|
0-0: Foul Ball, location: 2F 0-1: Ball Passed Ball! Randolph Brodbeck to third Kyle Verkamp to second 1-1: Ball 2-1: Foul Ball, location: 2F 2-2: Ball 3-2: Ground out 3-1 (Groundball, 34, EV 86.2 MPH)
|
| Top of the 7th over - 0 runs, 2 hits, 0 errors, 2 left on base; Kingsport 9 - Bristol 3 |
| BOTTOM OF THE 7TH |
|
Bristol Pirates batting - Pitching for Kingsport Mets : LHP Ronnie Stoll
|
|
Batting: RHB Zachery Loomis
|
0-0: Ball 1-0: Ball 2-0: Foul Ball, location: 2F 2-1: Ball 3-1: Base on Balls
|
|
Batting: RHB Brian Brewster
|
0-0: Ball 1-0: Called Strike Zachery Loomis is caught stealing 2nd base 2-4 1-1: Ball 2-1: Ground out U3 (Groundball, 3, EV 86.2 MPH)
|
|
Batting: RHB Matt Derrien
|
0-0: Ball 1-0: Ball 2-0: Called Strike 2-1: Ball 3-1: Foul Ball, location: 2F 3-2: Fly out, F6 (Popup, 4M, EV 61.2 MPH)
|
| Bottom of the 7th over - 0 runs, 0 hits, 0 errors, 0 left on base; Kingsport 9 - Bristol 3 |
| TOP OF THE 8TH |
|
Kingsport Mets batting - Pitching for Bristol Pirates : RHP Dustin Hamblin
|
|
Batting: RHB Warren Carmichael
|
0-0: Ground out 5-3 (Groundball, 5, EV 95.6 MPH)
|
|
Batting: RHB Eric Zylstra
|
0-0: Called Strike 0-1: Ball 1-1: Ball 2-1: Foul Ball, location: 2F 2-2: Strikes out swinging
|
|
Batting: RHB Juan Medina
|
0-0: Called Strike 0-1: Ball 1-1: Foul Ball, location: 2F 1-2: Ball 2-2: Strikes out looking
|
| Top of the 8th over - 0 runs, 0 hits, 0 errors, 0 left on base; Kingsport 9 - Bristol 3 |
| BOTTOM OF THE 8TH |
|
Bristol Pirates batting - Pitching for Kingsport Mets : LHP Ronnie Stoll
|
|
Pitching: RHP Justin Vallis
|
|
|
Batting: LHB Ernesto Gasca
|
0-0: SINGLE (Line Drive, 34D, EV 108.1 MPH)
|
|
Batting: RHB Jon Solis
|
0-0: Called Strike 0-1: Ball 1-1: Ball 2-1: Ball 3-1: Swinging Strike 3-2: Base on Balls Ernesto Gasca to second
|
|
Batting: SHB Juan Ayala
|
0-0: SINGLE (Groundball, 6, EV 95.0 MPH) Ernesto Gasca to third Jon Solis to second Runner from 3rd tries for Home, throw by CF and OUT! 8-2
|
|
Batting: SHB Nathan Clement
|
0-0: Ball 1-0: Foul Ball, location: 2F 1-1: Ball 2-1: Foul Ball, location: 2F 2-2: Ball 3-2: Foul Ball, location: 2F 3-2: DOUBLE (Line Drive, 78D, EV 100.6 MPH) Jon Solis scores Juan Ayala to third Runner from 3rd tries for Home, SAFE, throw by CF to home
|
|
Pinch Hitting: RHB Oscar Mora
|
0-0: Foul Ball, location: 2F 0-1: Called Strike 0-2: Ball 1-2: Foul Ball, location: 2F 1-2: Ball 2-2: Foul Ball, location: 2F 2-2: Ball 3-2: Strikes out swinging
|
|
Batting: LHB Tommie Benefield
|
0-0: Foul Ball, location: 2F 0-1: Swinging Strike 0-2: Ball 1-2: Foul Ball, location: 2F 1-2: Ball 2-2: Strikes out swinging
|
| Bottom of the 8th over - 2 runs, 3 hits, 0 errors, 1 left on base; Kingsport 9 - Bristol 5 |
| TOP OF THE 9TH |
|
Kingsport Mets batting - Pitching for Bristol Pirates : RHP Dustin Hamblin
|
|
Pitching: LHP Ighlas Kumbuka
|
|
|
Now in CF: Ilija Panic
|
|
|
Batting: RHB Dan Muse
|
0-0: Called Strike 0-1: Foul Ball, location: 2F 0-2: Foul Ball, location: 2F 0-2: Ball 1-2: Reached on error, E6 (Groundball, 56, EV 93.1 MPH)
|
|
Batting: RHB Artyom Shavkunov
|
0-0: Ball 1-0: Sac Bunt to 25 - play at first, batter OUT! 5-3 Dan Muse to second
|
|
Batting: RHB Craig Alvarado
|
0-0: Ball Wild Pitch! Dan Muse to third 1-0: Ball 2-0: Ball 3-0: Called Strike 3-1: Base on Balls
|
|
Batting: LHB Randolph Brodbeck
|
0-0: Ball 1-0: Ball 2-0: Ball 3-0: Called Strike 3-1: Foul Ball, location: 2F 3-2: TRIPLE (Line Drive, 9LM, EV 105.6 MPH) Dan Muse scores Craig Alvarado scores
|
|
Pitching: RHP Luis Flores
|
|
|
Batting: RHB Kyle Verkamp
|
0-0: Ball 1-0: Called Strike 1-1: Foul Ball, location: 2F 1-2: SINGLE (Flyball, 8RS, EV 96.2 MPH) Randolph Brodbeck scores
|
|
Batting: SHB Josh Thomson
|
0-0: Ball 1-0: Called Strike 1-1: SINGLE (Groundball, 56D, EV 96.9 MPH) Kyle Verkamp to second
|
|
Pinch Hitting: RHB Danny Runberg
|
0-0: Called Strike 0-1: Called Strike 0-2: Ball Wild Pitch! Kyle Verkamp to third Josh Thomson to second 1-2: Fly out, F9 (Flyball, 89M, EV 89.4 MPH)
|
|
Batting: RHB Eric Zylstra
|
0-0: Ball 1-0: Called Strike 1-1: Swinging Strike 1-2: Strikes out looking
|
| Top of the 9th over - 3 runs, 3 hits, 1 error, 2 left on base; Kingsport 12 - Bristol 5 |
| BOTTOM OF THE 9TH |
|
Bristol Pirates batting - Pitching for Kingsport Mets : RHP Justin Vallis
|
|
Now at 1B: Danny Runberg
|
|
|
Pinch Hitting: LHB Damien Cohen
|
0-0: Ball 1-0: Called Strike 1-1: Ball 2-1: Swinging Strike 2-2: Strikes out looking
|
|
Pinch Hitting: RHB Oscar Munoz
|
0-0: Called Strike 0-1: Swinging Strike 0-2: Ball 1-2: Hit by Pitch
|
|
Batting: RHB Matt Derrien
|
0-0: Ball 1-0: Foul Ball, location: 2F 1-1: Ball 2-1: Foul Ball, location: 2F 2-2: Foul Ball, location: 2F 2-2: Foul Ball, location: 2F 2-2: Ball 3-2: SINGLE (Line Drive, 4M, EV 102.5 MPH) Oscar Munoz to second
|
|
Pitching: RHP Jeremy Delka
|
|
|
Batting: LHB Ernesto Gasca
|
0-0: Called Strike 0-1: Ball 1-1: Ball 2-1: Swinging Strike 2-2: Strikes out swinging
|
|
Batting: RHB Jon Solis
|
0-0: Swinging Strike 0-1: Foul Ball, location: 2F 0-2: Foul Ball, location: 2F 0-2: Foul Ball, location: 2F 0-2: SINGLE (Line Drive, 7S, EV 104.4 MPH) Oscar Munoz to third Matt Derrien to second
|
|
Batting: SHB Juan Ayala
|
0-0: Ball 1-0: Ball 2-0: Called Strike 2-1: Foul Ball, location: 2F 2-2: Foul Ball, location: 2F 2-2: Strikes out swinging
|
| Bottom of the 9th over - 0 runs, 2 hits, 0 errors, 3 left on base; Kingsport 12 - Bristol 5 |
|